 Dungeon Crawl Stone Soup version 0.29.1-15-g9cfb28693d (webtiles) character file.

Game seed: 859647697260676898

18620 boopmooplesden the Cleaver (level 12, -2/108 HPs)
             Began as a Minotaur Fighter on Mar 12, 2023.
             Was the Champion of Okawaru.
             Slain by an ice devil (28 damage)
             ... summoned by Frances
             ... on level 12 of the Dungeon.
             The game lasted 00:16:19 (13762 turns).

boopmooplesden the Cleaver (Minotaur Fighter)      Turns: 13762, Time: 00:16:20

Health: -2/108     AC: 25    Str: 32    XL:     12   Next: 29%
Magic:  10/12      EV: 13    Int:  5    God:    Okawaru [******]
Gold:   916        SH: 11    Dex: 17    Spells: 11/11 levels left

rFire   . . .      SeeInvis +   P - +3 broad axe (flame)
rCold   x . .      Faith    .   c - +3 buckler
rNeg    + . .      Spirit   .   B - +0 plate armour
rPois   +          Reflect  .   D - +1 hat
rElec   +          Harm     +   L - +0 cloak of the Earth {Harm rElec rN+ Will+}
rCorr   .          Rampage  .   U - +1 pair of gloves
Will    +....                   I - +0 pair of boots
Stlth   ..........              (no amulet)
HPRegen 0.28/turn               h - ring of poison resistance
MPRegen 0.13/turn               F - ring of Cicolud {rElec rC- Str+7 Dex+6 SInv}

@: lethally poisoned (-2 -> -41), heroic
A: horns 2, retaliatory headbutt
a: Renounce Religion, Heroism, Finesse, Duel


You were on level 12 of the Dungeon.
You worshipped Okawaru.
Okawaru was exalted by your worship.
You visited 1 branch of the dungeon, and saw 12 of its levels.
You also visited: Sewer.

You collected 1091 gold pieces.
You spent 175 gold pieces at shops.

Inventory:

Hand Weapons
 a - a +0 war axe
 b - a +4 battleaxe
 y - a +0 war axe of electrocution
 C - the +8 hand axe of Dullness {flame, rPois rN+ MP-9}
   (You found it on level 5 of the Dungeon)

   It burns those it strikes, dealing additional fire damage.
   Big, fiery blades are also staple armaments of hydra-hunters.
   rPois:     It protects you from poison.
   rN:        It protects you from negative energy.
   MP:        It affects your magic capacity (-9).
 P - a +3 broad axe of flaming (weapon)
 S - a +3 battleaxe of distortion
Missiles
 f - 20 boomerangs (quivered)
 N - a throwing net
Armour
 c - a +3 buckler (worn)
 B - a +0 plate armour (worn)
 D - a +1 hat (worn)
 I - a +0 pair of boots (worn)
 L - the +0 cloak of the Earth (worn) {Harm rElec rN+ Will+}
   (Okawaru gifted it to you on level 9 of the Dungeon)

   rElec:     It insulates you from electricity.
   rN:        It protects you from negative energy.
   Harm:      It increases damage dealt and taken.
   Will:      It increases your willpower.
 U - a +1 pair of gloves (worn)
Jewellery
 h - a ring of poison resistance (left hand)
 q - a ring of protection from cold
 r - a ring of protection from cold
 w - a ring of fire
 F - the ring of Cicolud (right hand) {rElec rC- Str+7 Dex+6 SInv}
   (You found it on level 8 of the Dungeon)

   [ring of dexterity]

   Str:       It affects your strength (+7).
   Dex:       It affects your dexterity (+6).
   rC:        It makes you vulnerable to cold.
   rElec:     It insulates you from electricity.
   SInv:      It lets you see invisible.
 J - an amulet of regeneration
 K - an amulet of magic regeneration
 O - a ring of ice
 Q - a ring of see invisible
 T - an amulet of reflection
Wands
 t - a wand of charming (8)
 u - a wand of polymorph (6)
 H - a wand of iceblast (9)
Scrolls
 l - 3 scrolls of poison
 s - 11 scrolls of identify
 x - a scroll of amnesia
 A - a scroll of enchant weapon
 G - 5 scrolls of teleportation
Potions
 d - 3 potions of mutation {unknown}
 e - a potion of magic {unknown}
 g - a potion of berserk rage {unknown}
 i - 3 potions of invisibility {unknown}
 j - 4 potions of haste
 k - 8 potions of degeneration
 m - 6 potions of curing {unknown}
 o - a potion of resistance {unknown}
 p - 2 potions of ambrosia {unknown}
 v - 7 potions of flight {unknown}
 z - 4 potions of heal wounds {unknown}
 M - a potion of brilliance {unknown}
 R - a potion of might
Miscellaneous
 E - a piece from Xom's chessboard (15/15)


   Skills:
 + Level 10.8(15.8) Fighting
 + Level 14.8(19.8) Axes
 + Level 12.9(17.9) Armour
 + Level 4.1(9.1) Dodging
 + Level 0.5(5.5) Stealth
 + Level 10.4(15.4) Shields
 + Level 1.9 Invocations


You had 11 spell levels left.
You didn't know any spells.
Your spell library contained the following spells:

 Spells                   Type           Power      Damage    Failure   Level
 Freeze                   Ice            0%         1d3       95%         1
 Ensorcelled Hibernation  Hex/Ice        0%         N/A       98%         2
 Frozen Ramparts          Ice            0%         1d1       100%        3
 Ignite Poison            Fire/Tmut/Pois 0%         N/A       100%        3
 Mephitic Cloud           Conj/Pois/Air  0%         N/A       100%        3
 Spider Form              Tmut/Pois      0%         N/A       100%        3
 Anguish                  Hex/Necr       0%         N/A       100%        4
 Hailstorm                Conj/Ice       0%         3d3       100%        4
 Alistair's Intoxication  Tmut/Pois      0%         N/A       100%        5
 Borgnjor's Vile Clutch   Necr/Erth      0%         N/A       100%        5
 Freezing Cloud           Conj/Ice/Air   0%         6-21      100%        5
 Eringya's Noxious Bog    Tmut/Pois      0%         N/A       100%        6


Dungeon Overview and Level Annotations

Branches:
Dungeon (12/15)            Temple (0/1) D:6            Lair (0/5) D:10
    Orc (0/2) D:11          Sewer (visited)

Altars:
Ashenzari
Cheibriados
Dithmenos
Elyvilon
Gozag
Hepliaklqana
Nemelex Xobeh
Okawaru
Qazlal
Ru
Uskayaw
The Shining One

Shops:
D:10 (

Annotations:
D:12 Fannar, Frances


Innate Abilities, Weirdness & Mutations

You have a pair of horns on your head.
You reflexively headbutt those who attack you in melee.


Message History

Frances screams a word of power!
Frances seems to speed up.
Frances is nearby!
A shadow comes into view.
You gain the combat prowess of a mighty hero.
You slash Frances! You burn Frances.
Frances is lightly wounded.
You block Frances's attack.
The shadow slips into darkness.
The shadow flickers and vanishes for a moment.
You closely miss Frances.
Frances is lightly wounded.
Frances barely misses you.
You slash Frances! You burn Frances.
Frances is moderately wounded.
You hear a shout!
Frances chants phrases taken from a devil's mouth.
The iron shot hits you!!
Frances chants phrases taken from a devil's mouth.
The shard of ice misses you.
You barely miss Frances.
Frances is moderately wounded.
Frances drinks a potion.
Frances seems to grow stronger.
You closely miss Frances.
Frances is moderately wounded.
Fannar the Cold-Hearted comes into view.
They are wielding a +0 quarterstaff of freezing and wearing a +1 robe of cold resistance.
Frances mutters in a terrible tongue.
You hit Frances.
Frances is moderately wounded.
You closely miss the ice devil.
Frances hits you with a +4 hand axe of venom!!!
You are lethally poisoned!
You slice Frances!!
Frances is heavily wounded.
You barely miss the ice devil.
You feel extremely sick. The ice devil hits you!
* * * LOW HITPOINT WARNING * * *
The ice devil freezes you!!
You feel a terrible chill!
You die...

#.#.## ##[........
#.##.###.#..###.#.
#.###.#.##.)# #.#. #.#
##.###..# #... #.# ###
#..# #... #.# #..# #...
#.# #..# ###. #4# #..#
#. #@# #..###### #@#
#........
.......We...^....#######
.##.##.........
#..#.#..## #..#.# .#
...#.# # #..# # ...#


You could see Frances (fast, strong), Fannar, an ice devil (summoned) and a
shadow (invisible).

Vanquished Creatures
  A centaur warrior (D:9)
  4 two-headed ogres
  The ghost of cdecastro the Cleaver, a novice MiFi of Okawaru (D:8)
  A deep elf pyromancer (D:9)
  4 ugly things
  A gargoyle (D:10)
  An unseen horror (D:10)
  A komodo dragon (D:10)
  A kobold demonologist (D:9)
  A red devil (D:10)
  2 trolls
  4 slime creatures (D:12)
  A wraith (D:12)
  Sigmund (D:2)
  2 vampires
  A wyvern (D:10)
  25 yaks
  2 basilisks
  A vampire mosquito (D:10)
  2 steam dragons
  An acid dragon (D:10)
  A water moccasin (D:7)
  6 orc warriors
  4 black bears
  A swamp drake (D:11)
  3 sky beasts
  An ice beast (D:8)
  An ogre (D:5)
  5 centaurs
  A phantom (D:6)
  3 kobold brigands
  4 bullfrogs
  2 necrophages
  A gnoll sergeant (D:10)
  4 scorpions
  7 wights
  The ghost of pokedragonboy the Ruffian, a weakling NaTm (D:3)
  8 killer bees
  3 howler monkeys
  3 jellies
  A hound (D:6)
  5 quasits (D:8)
  11 orc priests
  A gnoll bouda (D:9)
  3 iguanas
  14 orc wizards
  A mummy (D:6)
  A scorpion simulacrum (D:3)
  17 gnolls
  4 river rats (Sewer)
  9 adders
  A hound simulacrum (D:3)
  A howler monkey simulacrum (D:9)
  A white imp (D:5)
  A dart slug (D:1)
  A worm (D:2)
  49 orcs
  5 bats
  9 endoplasms
  8 giant cockroaches
  5 goblins
  4 hobgoblins
  A jackal (D:2)
  24 kobolds
  4 quokkas
  11 ball pythons
  6 frilled lizards
  2 giant cockroach simulacra (D:3)
  A quokka simulacrum (D:3)
  20 rats
  A spectral kobold (D:5)
339 creatures vanquished.

Vanquished Creatures (others)
  2 demonic plants (D:10)
  9 plants (D:3)
11 creatures vanquished.

Grand Total: 350 creatures vanquished

Notes
Turn   | Place    | Note
-------+----------+-------------------------------------------
     0 | D:1      | boopmooplesden the Minotaur Fighter began the quest for the
                  | Orb.
     0 | D:1      | Reached XP level 1. HP: 19/19 MP: 0/0
   283 | D:1      | Reached XP level 2. HP: 24/27 MP: 1/1
   598 | D:1      | Found a faded altar of an unknown god.
   903 | D:2      | Reached XP level 3. HP: 28/33 MP: 2/2
   965 | D:2      | Noticed Sigmund
   972 | D:2      | Killed Sigmund
   973 | D:2      | Reached skill level 3 in Axes
   973 | D:2      | Reached skill level 5 in Armour
   973 | D:2      | Reached XP level 4. HP: 30/41 MP: 3/3
   973 | D:2      | Reached XP level 5. HP: 35/47 MP: 4/4
  1270 | D:2      | Found a sparkling altar of Nemelex Xobeh.
  1572 | D:3      | Noticed pokedragonboy's ghost (weakling NaTm)
  1598 | D:3      | Found a shadowy altar of Dithmenos.
  1613 | D:3      | Found a runed translucent gate.
  1616 | D:3      | Found a runed translucent gate.
  1616 | D:3      | Found a runed translucent gate.
  1667 | D:3      | Reached skill level 4 in Axes
  1815 | D:3      | Found an opulent altar of Gozag.
  2059 | D:3      | Reached XP level 6. HP: 55/55 MP: 5/5
  2707 | D:3      | Killed pokedragonboy's ghost
  2708 | D:3      | Reached skill level 5 in Fighting
  2817 | D:4      | Found a stormy altar of Qazlal.
  2833 | D:4      | Found a glowing drain.
  2862 | Sewer    | Entered a sewer
  2917 | Sewer    | Reached skill level 5 in Axes
  3374 | D:4      | Reached skill level 1 in Dodging
  3375 | D:4      | Reached skill level 5 in Shields
  3596 | D:4      | Reached XP level 7. HP: 24/61 MP: 6/6
  4025 | D:4      | Found an iron altar of Okawaru.
  4230 | D:4      | Became a worshipper of Warmaster Okawaru
  4242 | D:5      | Entered Level 5 of the Dungeon
  4320 | D:5      | Identified the +8 hand axe of Dullness {flame, rPois rN+
                  | MP-9}
  4333 | D:5      | Reached skill level 6 in Axes
  4857 | D:5      | Found a hazy altar of Hepliaklqana.
  4978 | D:5      | Reached * piety under Okawaru
  4979 | D:5      | Reached skill level 7 in Axes
  5072 | D:5      | Reached XP level 8. HP: 70/70 MP: 0/7
  5326 | D:6      | Found a staircase to the Ecumenical Temple.
  5405 | D:6      | Found a snail-covered altar of Cheibriados.
  5411 | D:6      | Reached skill level 8 in Axes
  5447 | D:6      | Noticed a two-headed ogre
  5452 | D:6      | Killed a two-headed ogre
  5452 | D:6      | Reached ** piety under Okawaru
  5453 | D:6      | Reached skill level 9 in Axes
  5479 | D:6      | Reached *** piety under Okawaru
  5480 | D:6      | Reached XP level 9. HP: 78/78 MP: 0/8
  6160 | D:7      | Reached skill level 10 in Axes
  6167 | D:7      | Reached **** piety under Okawaru
  6327 | D:7      | Found a glowing golden altar of the Shining One.
  7091 | D:8      | Found a transporter.
  7313 | D:8      | Noticed cdecastro's ghost (novice MiFi)
  7334 | D:8      | Found a transporter.
  7371 | D:8      | Noticed a white ugly thing
  7380 | D:8      | Killed a white ugly thing
  7380 | D:8      | Reached ***** piety under Okawaru
  7381 | D:8      | Reached skill level 11 in Axes
  7381 | D:8      | Reached XP level 10. HP: 54/88 MP: 0/9
  7590 | D:8      | Found a sparkling altar of Nemelex Xobeh.
  7658 | D:8      | Reached skill level 10 in Armour
  7837 | D:8      | Received a gift from Okawaru
  8265 | D:8      | Found a broken altar of Ashenzari.
  8301 | D:8      | Found a large runed translucent door.
  8301 | D:8      | Found a large runed translucent door.
  8326 | D:8      | Identified the +1 robe of the Devil's Advocate {rC+ Str+2
                  | Stlth+}
  8657 | D:8      | Found a hide-covered altar of Uskayaw.
  8674 | D:8      | Found a sacrificial altar of Ru.
  8944 | D:8      | Killed cdecastro's ghost
  8948 | D:8      | Identified the ring of Cicolud {rElec rC- Str+7 Dex+6 SInv}
  9107 | D:9      | Reached skill level 1 in Invocations
  9112 | D:9      | Noticed a white ugly thing
  9125 | D:9      | Killed a white ugly thing
  9126 | D:9      | Noticed a deep elf pyromancer
  9132 | D:9      | Killed a deep elf pyromancer
  9133 | D:9      | Reached skill level 12 in Axes
  9503 | D:9      | Identified the +0 cloak of the Earth {Harm rElec rN+ Will+}
                  | (Okawaru gifted it to you on level 9 of the Dungeon)
  9503 | D:9      | Received a gift from Okawaru
  9684 | D:9      | Noticed a centaur warrior
  9690 | D:9      | Killed a centaur warrior
  9691 | D:9      | Reached XP level 11. HP: 79/95 MP: 11/11
 10010 | D:9      | Found a white marble altar of Elyvilon.
 10485 | D:10     | Entered Level 10 of the Dungeon
 10500 | D:10     | Reached skill level 13 in Axes
 10966 | D:10     | Noticed a two-headed ogre
 10986 | D:10     | Killed a two-headed ogre
 11326 | D:10     | Reached skill level 10 in Shields
 11368 | D:10     | Found Taonaq's Antique Weapon Shop.
 11377 | D:10     | Bought a glowing broad axe for 175 gold pieces
 11481 | D:10     | Found a staircase to the Lair.
 11650 | D:10     | Noticed a two-headed ogre
 11660 | D:10     | Killed a two-headed ogre
 11661 | D:10     | Reached ****** piety under Okawaru
 11665 | D:10     | Reached skill level 14 in Axes
 11903 | D:11     | Found a staircase to the Orcish Mines.
 12537 | D:11     | Reached skill level 10 in Fighting
 12537 | D:11     | Received a gift from Okawaru
 12538 | D:11     | Reached XP level 12. HP: 96/106 MP: 9/12
 13568 | D:12     | Noticed a two-headed ogre
 13573 | D:12     | Killed a two-headed ogre
 13751 | D:12     | Noticed Frances
 13760 | D:12     | Noticed Fannar
 13762 | D:12     | Slain by an ice devil

Illustrated notes

Levels and vault maps discovered:
D:1:      amcnicky_arrival_flooded_fountain, layout_basic,
          hellmonk_ecumenical_altar_run_dry
D:2:      minmay_inner_zag, layout_basic, basic_altar, minmay_heptomino_o4,
          uniq_sigmund
D:3:      layout_loops_cross, nicolae_dithmenos_the_darkroom,
          mainiacjoe_overflow_concentric_impassable, gammafunk_ghost_icy,
          grunt_decor_mini_mirrors, lexackson_kobold_supper
D:4:      layout_basic, okawaru_metal_pillars_1_2,
          nicolae_qazlal_scattered_showers, portal_sewer_entry_f
D:5:      layout_basic, nicolae_hepliaklqana_monster_ancestors
D:6:      layout_basic, slow_altar_1, minmay_temple_entry_ruins, minmay_holes
D:7:      layout_loops_ring, lemuel_crystal_altar
D:8:      layout_loops_ring, jmf_multi_god_temple2, nemelex_spade_bored_becter,
          cheibrodos_ashenzari_chains, gammafunk_ghost_stat_death, minmay_bent
D:9:      minmay_the_grid_four_pointed_star [minmay_the_grid_triangle_9x9_cache,
          minmay_the_grid_triangle_9x9_odd_lines,
          minmay_the_grid_triangle_9x9_sprig,
          minmay_the_grid_triangle_9x9_thin_v,
          minmay_the_grid_prize_shrinking_boxes], layout_loops_cross,
          elyvilon_altar_4, dreamdust_wishing_well
D:10:     minmay_s_stair_smasher, layout_basic, dpeg_oklobed_lair, serial_shops,
          nicolae_shop_trees, serial_demonic, serial_demonic_e,
          serial_demonic_g, serial_demonic_a, serial_demonic_b
D:11:     layout_grid_maze, erik_orc_1
D:12:     layout_loops_ring, eat_drink_and_be_merry_uskayaw, uniq_fannar,
          uniq_frances

Skill      XL: |  1  2  3  4  5  6  7  8  9 10 11 |
---------------+----------------------------------+-----
Armour         | 4 5 6 8 9 11 12 | 12.9
Fighting       | 4 5 6 7 8 10 | 10.8
Shields        | 4 5 6 7 8 10 | 10.4
Axes           | 3 4 5 7 9 11 12 14 | 14.8
Dodging        | 1 2 4 |  4.1
Invocations    | 1 |  1.9
Stealth        | |  0.5

Action                   |  1- 3 |  4- 6 |  7- 9 | 10-12 || total
-------------------------+-------+-------+-------+-------++-------
Melee: War axe           |    48 |   184 |    17 |   188 ||   437
       Headbutt          |     9 |    17 |    35 |    72 ||   133
       Hand axe          |       |       |   187 |    49 ||   236
       Broad axe         |       |       |       |    91 ||    91
Invok: Heroism           |       |       |       |     8 ||     8
  Use: Potion            |     1 |       |       |     1 ||     2
       Scroll            |       |     6 |     6 |     4 ||    16
Armor: Scale mail        |    31 |    78 |    30 |       ||   139
       Chain mail        |       |       |    45 |       ||    45
       Plate armour      |       |       |     5 |   148 ||   153
Dodge: Dodged            |    24 |    78 |    51 |   117 ||   270
Block: Buckler           |    11 |    51 |    57 |   142 ||   261
